 Dungeon Crawl Stone Soup version 0.29.1-13-g9f3cf754e1 (webtiles) character file.

Game seed: 11995942483697523380

71 sanboga the Slasher (level 4, -1/37 HPs)
             Began as a Merfolk Berserker on Jan 19, 2023.
             Was a Believer of Trog.
             Slain by a hobgoblin (3 damage)
             ... led by Robin
             ... on level 3 of the Dungeon.
             The game lasted 00:03:25 (2640 turns).

sanboga the Slasher (Merfolk Berserker)             Turns: 2640, Time: 00:03:26

Health: -1/37      AC:  9    Str: 17    XL:     4   Next: 24%
Magic:  4/4        EV:  8    Int:  6    God:    Trog [**....]
Gold:   102        SH:  0    Dex: 15    Spells: 3/3 levels left

rFire   . . .      SeeInvis .   a - +0 falchion
rCold   . . .      Faith    .   (no shield)
rNeg    . . .      Spirit   .   g - +1 chain mail
rPois   .          Reflect  .   (no helmet)
rElec   .          Harm     .   (no cloak)
rCorr   .          Rampage  .   (no gloves)
Will    .....                   (no boots)
Stlth   ..........              (no amulet)
HPRegen 0.12/turn               (no ring)
MPRegen 0.09/turn               (no ring)

@: on berserk cooldown, slowed, very slow
A: (nimble swimmer 2), mertail
a: Renounce Religion, Berserk, Trog's Hand


You were on level 3 of the Dungeon.
You worshipped Trog.
Trog was pleased with you.
You visited 1 branch of the dungeon, and saw 3 of its levels.

You collected 102 gold pieces.

Inventory:

Hand Weapons
 a - a +0 falchion (weapon)
Armour
 g - a +1 chain mail (worn)
Scrolls
 c - a scroll of blinking
 d - a scroll of poison {unknown}
 j - a scroll of teleportation {unknown}
Potions
 b - a potion of heal wounds {unknown}
 f - a potion of curing
 i - a potion of degeneration {unknown}


   Skills:
 + Level 3.8 Fighting
 * Level 4.7 Long Blades
 + Level 1.9 Armour
 + Level 3.5 Dodging


You had 3 spell levels left.
You didn't know any spells.
Your spell library was empty.

Dungeon Overview and Level Annotations

Branches:
Dungeon (3/15)

Altars:

Shops:
D:3 (


Innate Abilities, Weirdness & Mutations

((You are very nimble when in or above water. (Stealth+, EV+, Speed+++)))
Your lower body shifts to a powerful aquatic tail in water.


Message History

The goblin hits you but does no damage. The hobgoblin hits you.
* * * LOW HITPOINT WARNING * * *
You slash the hobgoblin!
You kill the hobgoblin!
Trog accepts your kill. The hobgoblin hits you.
* * * LOW HITPOINT WARNING * * *
The goblin hits you with a +0 club.
* * * LOW HITPOINT WARNING * * *
Robin throws the goblin at you!
You have reached level 4!
You slash the goblin!
You kill the goblin!
Trog accepts your kill.
You closely miss the hobgoblin. The hobgoblin closely misses you.
You hit Robin.
Robin is moderately wounded.
Robin hits you but does no damage. The hobgoblin barely misses you.
You slash Robin!
You kill Robin!
Trog accepts your kill.
The hobgoblin hits you but does no damage.
The hobgoblin hits you.
* * * LOW HITPOINT WARNING * * *
You barely miss the hobgoblin. You barely miss the hobgoblin.
The hobgoblin hits you but does no damage.
The hobgoblin hits you.
* * * LOW HITPOINT WARNING * * *
You slash the hobgoblin!
You kill the hobgoblin!
Trog accepts your kill.
The hobgoblin hits you but does no damage.
You are no longer berserk.
You are exhausted.
You feel yourself slow down.
Items here: )))) †.
You barely miss the hobgoblin. The hobgoblin closely misses you. x2
You closely miss the hobgoblin. The hobgoblin hits you.
You die...

#.≈≈≈≈≈.#.......#
#∩≈§≈§≈.........#
#.≈§≈§≈§####.####
#..≈≈§†.# #..####
#≈.....### ##....#
########.####.##.# #
#........##.#####.
#.######.......#.. #@#
###........ #g#
##...##<#
#.##########.....#
#...))..........#.#.†#
##.##.#########.......
# ... ####...# #.#
#.#.. ... #.##. ...
... #


You could see a hobgoblin.

Vanquished Creatures
  Robin (D:3)
  A dart slug (D:1)
  3 endoplasms
  9 goblins
  9 hobgoblins
  3 jackals (D:1)
  5 kobolds
  2 quokkas (D:1)
  6 ball pythons
  5 bats
  9 rats
53 creatures vanquished.

Notes
Turn   | Place    | Note
-------+----------+-------------------------------------------
     0 | D:1      | sanboga the Merfolk Berserker began the quest for the Orb.
     0 | D:1      | Reached XP level 1. HP: 18/18 MP: 1/1
   310 | D:1      | Reached XP level 2. HP: 24/24 MP: 2/2
   359 | D:1      | Reached skill level 4 in Long Blades
   872 | D:1      | Found a faded altar of an unknown god.
  1215 | D:1      | Reached XP level 3. HP: 29/29 MP: 3/3
  2573 | D:3      | Found Fydghen's Antique Weapon Shoppe.
  2576 | D:3      | Reached ** piety under Trog
  2609 | D:3      | Noticed Robin
  2630 | D:3      | Reached XP level 4. HP: 7/37 MP: 4/4
  2633 | D:3      | Killed Robin
  2635 | D:3      | HP: 2/55 [hobgoblin[Robin] (2)]
  2640 | D:3      | Slain by a hobgoblin

Illustrated notes

Levels and vault maps discovered:
D:1:      minmay_arrival_plants_in_alcoves, layout_basic,
          hellmonk_ecumenical_altar_prayer_group
D:2:      layout_loops_cross
D:3:      layout_rooms, serial_shops, nicolae_lakefront_shop, eino_curves_02,
          uniq_robin, uniq_pargi, uniq_crazy_yiuf_cottage

Skill      XL: |  1  2 |
---------------+-------+-----
Long Blades    | 4 |  4.7
Dodging        | 3 |  3.5
Fighting       | |  3.8
Armour         | |  1.9

Action                   |  1- 3 |  4- 6 || total
-------------------------+-------+-------++-------
Melee: Falchion          |   139 |     9 ||   148
       Punch             |     2 |       ||     2
Invok: Berserk           |     2 |       ||     2
  Use: Scroll            |     4 |       ||     4
 Stab: Sleeping          |     1 |       ||     1
Armor: Animal skin       |    13 |       ||    13
       Chain mail        |    38 |     4 ||    42
Dodge: Dodged            |    94 |     4 ||    98
